 Dungeon Crawl Stone Soup version 0.30-a0-116-g3b1a8e4ee4 (webtiles) character file.

Game seed: 13312275149837629565

41744 ders the Eclecticist (level 14, -6/80 HPs)
             Began as a Djinni Conjurer on Sept 12, 2022.
             Was an Initiate of Ashenzari.
             Mangled by a death yak (20 damage)
             ... on level 5 of the Lair of Beasts.
             The game lasted 00:27:30 (22805 turns).

ders the Eclecticist (Djinni Conjurer)             Turns: 22805, Time: 00:27:30

Health: -6/80      AC:  5    Str: 12    XL:     14   Next: 51%
Gold:   745        EV: 12    Int: 34    God:    Ashenzari [......] SH:  5 Dex: 14

rFire   + + .      SeeInvis .    p - +8 scimitar of Equivalence {drain, +Blink rElec rPois}
rCold   x . .      Faith    .    (no shield)
rNeg    + . .      Spirit   .    j - +0 leather armour "Ubbyu" {rN+ Int+5 Slay-4}
rPois   ∞          Reflect  +    m - +0 helmet
rElec   +          Harm     .    x - +0 cloak
rCorr   .          Rampage  .    (no gloves)
Will    +....                    (boots unavailable)
Stlth   ++........               G - amulet "Gaze Upon Infinity" {Reflect SH+5, Self, Range} (curse)
HPRegen 0.23/turn                v - +6 ring of intelligence
MPRegen 0.00/turn                w - +6 ring of strength

@: about to teleport, flying, studying Ranged Weapons
A: sickness immunity, fire resistance 2, cold vulnerability 1, float, innate
caster, HP casting, extra vitality 1
a: Renounce Religion, Evoke Blink, Curse Item, Shatter the Chains


You were on level 5 of the Lair of Beasts.
You worshipped Ashenzari.
Ashenzari was noncommittal.
You visited 3 branches of the dungeon, and saw 16 of its levels.
You also visited: Ice Cave.

You collected 745 gold pieces.

Inventory:

Hand Weapons
 p - the +8 scimitar of Equivalence (weapon) {drain, +Blink rElec rPois}
   (You found it on level 4 of the Dungeon)

   A truly terrible weapon, it drains the life of any living foe it strikes.
   rElec:     It insulates you from electricity.
   rPois:     It protects you from poison.
   +Blink:    It lets you blink.
Missiles
 f - 3 throwing nets
Armour
 j - the +0 leather armour "Ubbyu" (worn) {rN+ Int+5 Slay-4}
   (You found it on level 2 of the Dungeon)

   Int:       It affects your intelligence (+5).
   Slay:      It affects your accuracy & damage with ranged weapons and melee
   (-4).
   rN:        It protects you from negative energy.
 m - a +0 helmet (worn)
 x - a +0 cloak (worn)
Jewellery
 d - a +4 ring of evasion
 e - a ring of fire
 v - a +6 ring of intelligence (left hand)
 w - a +6 ring of strength (right hand)
 y - a ring of see invisible
 G - the cursed amulet "Gaze Upon Infinity" (around neck) {Reflect SH+5, Self, Range}
   (You found it on level 1 of the Lair of Beasts)

   [amulet of reflection]

   It reflects blocked missile attacks.
   SH:        It affects your SH (+5).
   It has a curse which improves the following skills: Introspection: Fighting
   and Spellcasting.
   Ranged Combat: Ranged Weapons and Throwing.
 R - a ring of positive energy
Wands
 n - a wand of polymorph (12)
 u - a wand of flame (46)
 B - a wand of charming (5)
 K - a wand of digging (4)
 M - a wand of iceblast (3)
 N - a wand of quicksilver (8)
Scrolls
 c - 3 scrolls of immolation
 h - 3 scrolls of torment
 k - 4 scrolls of poison
 l - 2 scrolls of enchant armour
 o - 3 scrolls of noise
 t - 3 scrolls of teleportation
 A - a scroll of fear {unknown}
 D - a scroll of magic mapping
 H - a scroll of enchant weapon {unknown}
 J - a scroll of amnesia {unknown}
 O - a scroll of identify
 Q - a scroll of vulnerability {unknown}
Potions
 a - 3 potions of attraction
 b - 2 potions of ambrosia
 g - 5 potions of curing
 i - a potion of degeneration {unknown}
 r - a potion of magic {unknown}
 s - a potion of cancellation {unknown}
 z - a potion of resistance {unknown}
 C - a potion of berserk rage {unknown}
 E - 5 potions of haste {unknown}
 F - 2 potions of lignification {unknown}
 I - 2 potions of mutation {unknown}
 L - a potion of might {unknown}
Miscellaneous
 P - a condenser vane


   Skills:
 - Level 2.2 Dodging
 - Level 1.6 Stealth
 + Level 18.6(19.0) Spellcasting


You had 17 spell levels left.
You knew the following spells:

 Your Spells              Type           Power      Damage    Failure   Level
a - Fireball              Conj/Fire      52%        3d20      0%          5
b - Stone Arrow           Conj/Erth      100%       3d13      0%          3
c - Dazzling Flash        Conj/Hex       100%       N/A       0%          3
d - Fulminant Prism       Conj/Hex       52%        3d23      0%          4
e - Iskenderun's Mystic   Conj/Tloc      100%       2d19      0%          4
f - Necrotise             Necr           100%       1d9       0%          1
g - Ensorcelled Hibernat  Hex/Ice        100%       N/A       0%          2
h - Searing Ray           Conj           100%       2d8       0%          2
i - Summon Ice Beast      Ice/Summ       100%       N/A       0%          4
j - Magic Dart            Conj           100%       1d8       0%          1
k - Iskenderun's Battles  Conj           100%       2d15      0%          5
Your spell library was empty.

Dungeon Overview and Level Annotations

Branches:
Dungeon (10/15)            Temple (1/1) D:7            Lair (5/5) D:9
 Shoals (0/4) Lair:3       Spider (0/4) Lair:2        Slime (0/5) Lair:5
  IceCv (visited)
    Orc: D:9-12

Altars:
Ashenzari
Cheibriados
Dithmenos
Elyvilon
Fedhas
Gozag
Makhleb
Nemelex Xobeh
Okawaru
Qazlal
Ru
Trog
Uskayaw
Wu Jian
Xom
Yredelemnul
The Shining One

Shops:
D:1 :   D:4 :

Annotations:
D:3 Robin


Innate Abilities, Weirdness & Mutations

You are immune to sickness and miasma.
You are immune to poison.
Your flesh is very heat resistant. (rF++)
You are vulnerable to cold. (rC-)
You float through the air rather than walking.
You learn spells naturally, not from books.
Your magical power is your life essence.
You have superior vitality. (+4 MHP)


Message History

There is a stone staircase leading up here.
Casting: Iskenderun's Mystic Blast (safe; 0% risk of failure)
Confirm with . or Enter, or press ? or * to list all spells.
You erupt in a blast of force!
The mystic blast hits the yak.
The yak is moderately wounded.
The yak is knocked back by the mystic blast.
The yak slams into the granite statue!
The yak is heavily wounded.
The mystic blast hits the death yak but does no damage.
The mystic blast hits the cane toad!
The cane toad is moderately wounded.
The cane toad is knocked back by the mystic blast.
The cane toad slams into the rock wall!
The cane toad is moderately wounded.
The death yak bellows!
* * * LOW HITPOINT WARNING * * *
You hear a roar!
The cane toad closely misses you. The death yak gores you!
* * * LOW HITPOINT WARNING * * *
A death yak comes into view.
Okay, then.
You feel much better.
The death yak bellows!
The yak gores you.
The cane toad stings you but does no damage.
The death yak gores you!!
* * * LOW HITPOINT WARNING * * *
You feel much better. You block the cane toad's attack. The yak gores you.
The death yak gores you. The death yak closely misses you.
Okay, then.
As you read the scroll of teleportation, it crumbles to dust.
You feel strangely unstable.
The yak bellows! x2
You block the water moccasin's attack. The cane toad stings you!
* * * LOW HITPOINT WARNING * * *
The yak gores you.
* * * LOW HITPOINT WARNING * * *
A rime drake comes into view.
The death yak gores you!!
You die...

,,,,,,,,,,,,,,,,,,~~~,,,,*,,,,,.D
,,,,**,,,,,,,,,,,,,,,,.##..YY.,#Y
****,,**,,,,,,,**,,**,#....8.,,..
,*,,*,*,,,,,,*****,,*##.....Y,,#.
,,,,,,,*,,,,,* ***##.....,#,###
,,,,,,,,,,,,*########..8Y.#.#.#,#
,,,,,,,,,,,,,#..8..#....Y†Y....,*
*,,,,,*,,,,,*#..YY.#.....††S...,+
*,,,,,**,,,,*#8.@Y.+.8†<†8F.8..,*
**,,,,*,,......FYSYY.YY........,,
,*,,,,,*,....k#.8.##.YYY.F....!,*
*,+,**,*,....,###.#..YY8...####*,
,,,,,,,,,...,,,,,...Y#......#***,
,,,,,,,,,..,,,,,.....#........,*,
,*,,,*,,,.,,,,,,....,.##...8$..,,
,*****,,,,,,,,,,Y....Y,,#......,,
*,******,,,,,,,*,,,,,,,,*,,,,,,,,


You could see 6 death yaks, 7 yaks, a cane toad, a rime drake and a water
moccasin.

Vanquished Creatures
  6 hydras
  Erica (Lair:1)
  An alligator (Lair:4)
  10 death yaks
  A soul eater (D:9)
  A goliath frog (Lair:4)
  3 swamp dragons (Lair:4)
  An oklob plant (D:9)
  3 black mambas
  Joseph (D:7)
  A rust devil (D:9)
  A merfolk siren (Lair:3)
  A smoke demon (D:9)
  2 ice statues (IceCv)
  Maggie (D:6)
  A torpor snail (Lair:3)
  10 cane toads
  A rime drake (Lair:4)
  7 ice devils
  4 komodo dragons
  3 hellwings (D:9)
  2 red devils (D:9)
  A troll (D:9)
  2 hornets
  21 blink frogs
  Grinder (D:6)
  2 polar bears
  A dream sheep (Lair:5)
  2 wyverns
  A basilisk (Lair:5)
  31 yaks
  A dire elephant simulacrum (IceCv)
  A neqoxec (D:9)
  A steam dragon (D:9)
  2 vampire mosquitoes (Lair:4)
  A harpy simulacrum (IceCv)
  5 swamp worms (Lair:4)
  9 water moccasins
  5 black bears
  3 ice beasts
  A sky beast (D:4)
  18 wolves
  2 ogres (D:5)
  4 centaurs
  A phantom (D:6)
  10 bullfrogs
  2 necrophages (D:5)
  3 scorpions
  16 killer bees
  An oklob sapling (D:9)
  A howler monkey (D:9)
  3 jellies
  2 quasits (D:9)
  5 hounds
  A gnoll bouda (D:9)
  Crazy Yiuf (D:7)
  Ijyb (D:3)
  2 iguanas (D:6)
  3 orc wizards
  Terence (D:3)
  A troll simulacrum (IceCv)
  A polar bear simulacrum (IceCv)
  7 gnolls
  12 adders
  3 shadow imps
  2 white imps
  4 ufetubi
  A worm (D:2)
  6 dart slugs
  16 orcs
  10 ball pythons
  9 endoplasms
  3 giant cockroaches
  6 hobgoblins
  7 jackals
  7 kobolds
  2 quokkas
  5 bats
  6 frilled lizards
  16 goblins
  3 rats
  A fulminant prism (Lair:3)
358 creatures vanquished.

Vanquished Creatures (others)
  A bush (D:9)
  11 demonic plants (D:9)
  55 fulminant prisms
  22 fungi
  50 plants
139 creatures vanquished.

Grand Total: 497 creatures vanquished

Notes
Turn   | Place    | Note
-------+----------+-------------------------------------------
     0 | D:1      | ders the Djinni Conjurer began the quest for the Orb.
     0 | D:1      | ders set off with the following spells memorised: Magic
                  | Dart, Searing Ray, Dazzling Flash, Fulminant Prism,
                  | Iskenderun's Mystic Blast.
     0 | D:1      | Reached XP level 1. HP: 15/15 MP: 0/0
   252 | D:1      | Reached XP level 2. HP: 9/21 MP: 0/0
   698 | D:1      | Found Qeuq's Book Boutique.
  1154 | D:1      | Reached XP level 3. HP: 20/25 MP: 0/0
  1154 | D:1      | Learned a level 1 spell: Necrotise
  1329 | D:2      | Reached skill level 4 in Spellcasting
  1879 | D:2      | Identified the +0 leather armour "Ubbyu" {rN+ Int+5 Slay-4}
  1901 | D:2      | Found a basalt altar of Yredelemnul.
  1951 | D:2      | Reached XP level 4. HP: 26/31 MP: 0/0
  2012 | D:2      | You are sucked into a shaft and drop 2 floors!
  2405 | D:3      | Noticed Robin
  2407 | D:3      | Reached XP level 5. HP: 34/35 MP: 0/0
  2407 | D:3      | Learned a level 2 spell: Ensorcelled Hibernation
  2606 | D:3      | Reached skill level 5 in Spellcasting
  2927 | D:2      | Reached XP level 6. HP: 28/40 MP: 0/0
  3400 | D:3      | Found a faded altar of an unknown god.
  3449 | D:3      | Noticed Terence
  3468 | D:3      | Killed Terence
  3798 | D:3      | Noticed Ijyb
  3805 | D:3      | Killed Ijyb
  4291 | D:4      | Reached skill level 6 in Spellcasting
  4502 | D:4      | Reached XP level 7. HP: 44/45 MP: 0/0
  4502 | D:4      | Learned a level 3 spell: Stone Arrow
  4650 | D:4      | Identified the +8 scimitar of Equivalence {drain, +Blink
                  | rElec rPois}
  5075 | D:4      | Found Vaditt's Tremendous Tomes.
  5334 | D:5      | Entered Level 5 of the Dungeon
  5433 | D:5      | Reached skill level 7 in Spellcasting
  5656 | D:5      | Reached XP level 8. HP: 42/50 MP: 0/0
  5762 | D:5      | Reached skill level 8 in Spellcasting
  6034 | D:5      | Found a burning altar of Makhleb.
  6034 | D:5      | Found a faded altar of an unknown god.
  6040 | D:5      | Found an iron altar of Okawaru.
  6042 | D:5      | Found a shadowy altar of Dithmenos.
  6044 | D:5      | Found a faded altar of an unknown god.
  6235 | D:5      | Found an opulent altar of Gozag.
  6512 | D:6      | Reached XP level 9. HP: 42/55 MP: 0/0
  6512 | D:6      | Learned a level 4 spell: Summon Ice Beast
  6684 | D:6      | Reached skill level 9 in Spellcasting
  6692 | D:6      | Noticed Maggie
  6698 | D:6      | Noticed Grinder
  7051 | D:6      | Killed Grinder
  7290 | D:6      | Killed Maggie
  7489 | D:6      | Found a bloodstained altar of Trog.
  7653 | D:7      | Reached skill level 10 in Spellcasting
  8001 | D:7      | Noticed Joseph
  8016 | D:7      | Killed Joseph
  8017 | D:7      | Reached XP level 10. HP: 25/60 MP: 0/0
  8420 | D:7      | Found a staircase to the Ecumenical Temple.
  8731 | D:7      | Reached skill level 11 in Spellcasting
  9209 | D:7      | Found a runed translucent door.
  9210 | D:7      | Noticed Crazy Yiuf
  9731 | D:7      | Killed Crazy Yiuf
  9827 | Temple   | Entered the Ecumenical Temple
  9986 | Temple   | Became a worshipper of Ashenzari the Shackled
 10324 | D:8      | Found a blossoming altar of Fedhas.
 10914 | D:9      | Reached skill level 12 in Spellcasting
 11177 | D:9      | Noticed a death yak
 11189 | D:9      | Killed a death yak
 11190 | D:9      | Reached XP level 11. HP: 42/65 MP: 0/0
 11190 | D:9      | Learned a level 5 spell: Fireball
 11384 | D:9      | Noticed a soul eater
 11540 | D:9      | Noticed a death yak
 11543 | D:9      | Noticed a death yak
 11545 | D:9      | Reached skill level 13 in Spellcasting
 11843 | D:9      | Noticed a death yak
 11846 | D:9      | Noticed a death yak
 11854 | D:8      | Killed a death yak
 12068 | D:9      | Killed a death yak
 12069 | D:9      | Noticed a death yak
 12273 | D:9      | Noticed a death yak
 12910 | D:9      | Noticed an oklob plant
 12950 | D:9      | Killed a soul eater
 13491 | D:9      | Reached skill level 14 in Spellcasting
 13661 | D:9      | Reached XP level 12. HP: 24/70 MP: 0/0
 13980 | D:9      | Found a staircase to the Lair.
 13997 | D:9      | Killed a death yak
 13997 | D:9      | Killed a death yak
 14000 | D:9      | Killed a death yak
 14019 | D:9      | Killed a death yak
 14020 | D:9      | Reached skill level 15 in Spellcasting
 15052 | D:10     | Entered Level 10 of the Dungeon
 15071 | Lair:1   | Entered Level 1 of the Lair of Beasts
 16408 | Lair:1   | Noticed Erica
 16425 | Lair:1   | Killed Erica
 16426 | Lair:1   | Reached XP level 13. HP: 34/75 MP: 0/0
 16426 | Lair:1   | Learned a level 5 spell: Iskenderun's Battlesphere
 16852 | Lair:2   | Reached skill level 16 in Spellcasting
 17595 | Lair:2   | Noticed a four-headed hydra
 17604 | Lair:2   | Killed a four-headed hydra
 17795 | Lair:2   | Noticed a four-headed hydra
 17800 | Lair:2   | Killed a four-headed hydra
 17802 | Lair:2   | Noticed an eight-headed hydra
 17807 | Lair:2   | Killed an eight-headed hydra
 17995 | Lair:2   | Found a hole to the Spider Nest.
 18010 | Lair:2   | Noticed a seven-headed hydra
 18014 | Lair:2   | Killed a seven-headed hydra
 18016 | Lair:2   | Upgraded the game from 0.29.1-debian-1-gc3f1650bb9 to
                  | 0.30-a0-116-g3b1a8e4ee4
 18655 | Lair:3   | Reached skill level 17 in Spellcasting
 18656 | Lair:3   | Noticed a seven-headed hydra
 18661 | Lair:3   | Killed a seven-headed hydra
 19604 | Lair:3   | Found a staircase to the Shoals.
 19819 | Lair:4   | Found a frozen archway.
 19945 | IceCv    | Entered an ice cave
 20233 | IceCv    | Reached XP level 14. HP: 75/80 MP: 0/0
 21130 | Lair:4   | Identified the +3 plate armour of the Constellations
                  | {*Corrode Fly Slay+3}
 21235 | Lair:4   | Reached skill level 18 in Spellcasting
 22003 | Lair:5   | Entered Level 5 of the Lair of Beasts
 22805 | Lair:5   | Mangled by a death yak

Illustrated notes

Levels and vault maps discovered:
D:1:      psy_arrival_terrarium, layout_basic, serial_shops,
          nicolae_shop_temple_entry_statues_fountains, chequers_arboretum,
          patterned_corridor
D:2:      layout_loops_ring, basic_altar, serial_forest,
          infiniplex_forest_clump_curved, infiniplex_forest_corner_1,
          infiniplex_forest_lined_ring, infiniplex_forest_lined_4_way,
          infiniplex_forest_lined_room_2, infiniplex_forest_straight_2,
          infiniplex_forest_join, infiniplex_forest_clump_long,
          dk_noncrumbling_4, minmay_pentomino_t4
D:3:      layout_basic, hellmonk_ecumenical_altar_inner_sanctum, uniq_terence,
          uniq_robin, uniq_ijyb
D:4:      layout_basic, grunt_ministairs_1, nicolae_shop_i_like_big_books,
          kennysheep_generic_room_3
D:5:      layout_rooms, mainiacjoe_overflow_boulevard,
          chequers_temple_overflow_minitemple
D:6:      layout_rooms, kennysheep_little_box, uniq_grinder, uniq_maggie
D:7:      layout_layer_cave, minmay_temple_entry_statues_pillars, uniq_joseph,
          uniq_crazy_yiuf_cottage
D:8:      layout_rooms, mainiacjoe_overflow_small_starburst
D:9:      layout_basic, marbit_many_paths, dpeg_lair_monsters, serial_demonic,
          serial_demonic_e, serial_demonic_f, serial_demonic_f,
          serial_demonic_d, serial_demonic_a, serial_demonic_c,
          serial_demonic_g, introduction_to_nature_2
D:10:     layout_gridville, mainiacjoe_overflow_alcove_1, zin_statuary,
          nicolae_yredelemnul_corpse_copse, zombieorc2_lemuel, fountainhead
Temple:   hellmonk_temple_flake
Lair:1:   layout_concentric_octagons, uniq_erica
Lair:2:   layout_gridlike, dummy_spider_entry, grunt_megastairs_2
Lair:3:   layout_misc_corridors, minmay_shoals_entry_lonely_mermaid
Lair:4:   onia_ninara_swampy_vault, layout_regular_city,
          portal_ice_cave_entry_pillars_2
Lair:5:   due_jungle_book, layout_regular_city, slime_entry_1,
          nicolae_volcano_entry_batcave, serial_bayou_pond_d, grunt_megastairs_3

Skill      XL: |  1  2  3  4  5  6  7  8  9 10 11 12 13 14 |
---------------+-------------------------------------------+-----
Spellcasting   | 4 5 6 7 8 10 12 14 15 17 18 | 18.6
Dodging        | |  2.2
Stealth        | |  1.6

Action                   |  1- 3 |  4- 6 |  7- 9 | 10-12 | 13-15 || total
-------------------------+-------+-------+-------+-------+-------++-------
Melee: Scimitar          |       |       |     4 |       |       ||     4
 Cast: Magic Dart        |    62 |    73 |    22 |     8 |       ||   165
       Searing Ray       |     7 |    35 |    32 |       |       ||    74
       Fulminant Prism   |       |     3 |    11 |    31 |    11 ||    56
       Iskenderun's Myst |       |       |     2 |    35 |    30 ||    67
       Stone Arrow       |       |       |    49 |   107 |    41 ||   197
       Fireball          |       |       |       |    17 |    82 ||    99
Invok: Curse Item        |       |       |       |       |     1 ||     1
  Use: Scroll            |       |     2 |     4 |     2 |     6 ||    14
       Potion            |       |     2 |       |     2 |     2 ||     6
Armor: Robe              |     2 |     7 |     4 |       |       ||    13
       Leather armour    |       |       |       |    13 |     8 ||    21
Dodge: Dodged            |     6 |    49 |    23 |    37 |    19 ||   134
Block: Other             |       |       |       |       |     9 ||     9

Table legend: (Time is in decaauts)
 A = Elapsed time spent in this place.
 B = Non-inter-level travel time spent in this place.
 C = Inter-level travel time spent in this place.
 D = Time resting spent in this place.
 E = Time spent auto-exploring this place.
 F = Levels seen in this place.
 G = Mean time per level.
                   A        B        C        D        E       F      G
               +--------+--------+--------+--------+--------+-----+--------+
         Total |  22816 |  22230 |    586 |   8739 |  11585 |  17 | 1342.1 |
       Dungeon |  14908 |  14515 |    393 |   5268 |   7925 |  10 | 1490.8 |
        Temple |    170 |    141 |     29 |      0 |    127 |   1 |  170.0 |
          Lair |   7138 |   6974 |    164 |   2993 |   3499 |   5 | 1427.6 |
      Ice Cave |    598 |    598 |      0 |    478 |     34 |   1 |  598.0 |
               +--------+--------+--------+--------+--------+-----+--------+

Top non-repeatable levels by time:
     D:9: 3055 daAuts
  Lair:4: 2351 daAuts
  Lair:2: 2056 daAuts
     D:7: 2036 daAuts
     D:8: 2009 daAuts
  Lair:1: 1777 daAuts
     D:4: 1549 daAuts
     D:2: 1421 daAuts
     D:3: 1319 daAuts
     D:1: 1276 daAuts
     D:5: 1134 daAuts
     D:6: 1104 daAuts
  Lair:3: 912 daAuts
   IceCv: 598 daAuts
  Temple: 170 daAuts
